 Dungeon Crawl Stone Soup version 0.29.0-4-gdea44cf6ec (webtiles) character file.

Game seed: 16379962807000950188

58 qw the Chopper (level 4, -1/26 HPs)
             Began as a Tengu Warper on Aug 28, 2022.
             Slain by a gnoll
             ... wielding a +0 spear
              (2 damage)
             ... on level 2 of the Dungeon.
             The game lasted 00:00:11 (1558 turns).

qw the Chopper (Tengu Warper)                       Turns: 1558, Time: 00:00:11

Health: -1/26      AC:  5    Str: 13    XL:     4   Next: 2%
Magic:  8/8        EV: 11    Int: 14    God:
Gold:   77         SH:  0    Dex: 13    Spells: 7/7 levels left

rFire   . . .      SeeInvis .   Y - +0 hand axe
rCold   . . .      Faith    .   (no shield)
rNeg    . . .      Spirit   .   j - +0 ring mail
rPois   .          Reflect  .   (helmet restricted)
rElec   .          Harm     .   (no cloak)
rCorr   .          Rampage  .   (no gloves)
Will    .....                   (boots unavailable)
Stlth   +.........              (no amulet)
HPRegen 0.08/turn               i - +4 ring of slaying {mikee}
MPRegen 0.11/turn               (no ring)

@: no status effects
A: beak, talons 3
a: no special abilities


You were on level 2 of the Dungeon.
You visited 1 branch of the dungeon, and saw 2 of its levels.

You collected 77 gold pieces.


Innate Abilities, Weirdness & Mutations

You have a beak for a mouth.
You have claws for feet.


   Skills:
 - Level 2.0 Fighting
 + Level 4.6 Axes
 - Level 1.0 Throwing
 - Level 1.1 Armour
 - Level 2.1 Dodging
 - Level 2.0 Spellcasting
 - Level 2.4 Translocations


You had 7 spell levels left.
You didn't know any spells.
Your spell library contained the following spells:

 Spells                   Type           Power      Damage    Failure   Level
 Blink                    Tloc           16%        N/A       28%         2
 Gell's Gravitas          Tloc           8%         N/A       50%         3
 Lesser Beckoning         Tloc           8%         N/A       50%         3
 Teleport Other           Tloc           8%         N/A       50%         3
 Manifold Assault         Tloc           8%         N/A       99%         5

Inventory:

Hand Weapons
 b - a +2 mace of pain
 Y - a +0 hand axe (weapon)
Armour
 j - a +0 ring mail (worn)
Jewellery
 i - a +4 ring of slaying (left hand) {mikee}
Scrolls
 a - a scroll of identify
 d - 3 scrolls of butterflies {unknown}
 e - 2 scrolls of enchant armour {unknown}
Potions
 c - a potion of brilliance {unknown}
 f - a potion of magic {unknown}
 g - a potion of cancellation
 h - a potion of might

Dungeon Overview and Level Annotations

Branches:
Dungeon (2/15)

Altars:
Hepliaklqana


Message History

There is a stone staircase leading down here.
You now have 77 gold pieces (gained 7).
A rat comes into view.
Enter note: You barely miss the rat.
You claw the rat. You punch the rat.
You kill the rat!
A gnoll comes into view. It is wielding a +0 spear.
The gnoll shouts!
Enter note:
1548 ||| Stepping ~*~*~tactically~*~*~ (hiding).
You start waiting.
A gnoll is nearby!
A gnoll comes into view. It is wielding a +0 spear.
The gnoll closely misses you.
A rat and a gnoll come into view.
The gnoll shouts! x2
The gnoll hits you but does no damage.
1553 ||| Stepping ~*~*~tactically~*~*~ (hiding).
Found a stone staircase leading up.
Enter note:
Enter note: The gnoll hits you but does no damage.
You closely miss the gnoll. The gnoll hits you with a +0 spear.
You hit the gnoll. You claw the gnoll. You peck the gnoll, but do no damage.
The gnoll is moderately wounded.
You hit the gnoll. The gnoll hits you with a +0 flail.
The gnoll hits you but does no damage. The gnoll barely misses you.
You hit the gnoll.
The gnoll is heavily wounded.
You closely miss the gnoll. The gnoll hits you with a +0 flail!
The gnoll hits you with a +0 spear.
The gnoll hits you from afar with a +0 spear.
You barely miss the gnoll. You peck the gnoll.
The gnoll is almost dead.
You closely miss the rat. You hit the gnoll.
The gnoll hits you with a +0 flail. The gnoll misses you.
The gnoll hits you with a +0 spear.
You die...

#. #. ..
###### #.
.....# #.
#....# #g##
#....# #gg#
#....###
##@########
#......#
#.r.......#
######.#
#.#######.#
#.# #.# #.#
#.# #.# #.#
#.# #.# #.#
#.# #.# #.#
#.# #.# #.#
#.# #<# #.#


You could see 3 gnolls and a rat.

Vanquished Creatures
  An adder (D:2)
  2 worms (D:2)
  3 bats (D:1)
  3 giant cockroaches
  4 goblins
  5 hobgoblins
  3 jackals
  A kobold (D:1)
  5 quokkas
  4 ball pythons
  A frilled lizard (D:2)
  9 rats
41 creatures vanquished.

Notes
Turn   | Place    | Note
-------+----------+-------------------------------------------
     0 | D:1      | qw the Tengu Warper began the quest for the Orb.
     0 | D:1      | Reached XP level 1. HP: 12/12 MP: 4/4
     0 | D:1      | 0 ||| qw: Version: 0.1-a-89-g26bdef1
     0 | D:1      | 0 ||| qw: Game counter: 1724
     0 | D:1      | 0 ||| qw: Always use a shield: true
     0 | D:1      | 0 ||| qw: God list: Okawaru
     0 | D:1      | 0 ||| qw: Allow faded altars: false
     0 | D:1      | 0 ||| qw: Do Orc after D:15 true
     0 | D:1      | 0 ||| qw: Do second Lair branch before Depths: true
     0 | D:1      | 0 ||| qw: Lair rune preference: random
     0 | D:1      | 0 ||| qw: Plans: Normal
     0 | D:1      | 0 ||| PLANNING D:1-11
   108 | D:1      | 108 ||| Stepping ~*~*~tactically~*~*~ (stealth).
   112 | D:1      | 112 ||| Stepping ~*~*~tactically~*~*~ (stealth).
   139 | D:1      | Reached XP level 2. HP: 10/17 MP: 6/6
   141 | D:1      | Reached skill level 3 in Axes
   261 | D:1      | 261 ||| DROPPING +0 club.
   262 | D:1      | Found a faded altar of an unknown god.
   262 | D:1      | Noticed a great orb of eyes
   268 | D:1      | Noticed a golden eye
   272 | D:1      | Noticed a golden eye
   275 | D:1      | Noticed a golden eye
   830 | D:1      | 830 ||| UPGRADING to +0 ring mail.
   840 | D:1      | 840 ||| DROPPING +0 leather armour.
   841 | D:1      | 841 ||| UPGRADING to +4 ring of slaying {mikee}.
   842 | D:1      | 842 ||| READING 3 scrolls labelled SEPHAOSSUNOPT.
   843 | D:1      | 843 ||| DRINKING 2 orange potions.
   878 | D:1      | 878 ||| DRINKING 2 pink potions.
   879 | D:1      | 879 ||| READING 2 scrolls of identify.
   879 | D:1      | 879 ||| IDENTIFYING brown potion
   880 | D:1      | 880 ||| DROPPING scroll of blinking.
   881 | D:1      | 881 ||| DROPPING potion of lignification.
   928 | D:2      | Reached XP level 3. HP: 21/21 MP: 7/7
   953 | D:2      | 953 ||| DROPPING +0 mace.
  1034 | D:2      | Reached skill level 4 in Axes
  1035 | D:2      | Found a hazy altar of Hepliaklqana.
  1058 | D:2      | 1058 ||| Stepping ~*~*~tactically~*~*~ (stealth).
  1100 | D:2      | 1100 ||| Stepping ~*~*~tactically~*~*~ (stealth).
  1416 | D:2      | Reached XP level 4. HP: 26/26 MP: 8/8
  1548 | D:2      | 1548 ||| Stepping ~*~*~tactically~*~*~ (hiding).
  1553 | D:2      | 1553 ||| Stepping ~*~*~tactically~*~*~ (hiding).
  1557 | D:2      | HP: 5/26 [gnoll/+0 spear (2)]
  1558 | D:2      | HP: 1/26 [gnoll/+0 flail (2)]
  1558 | D:2      | Slain by a gnoll

Levels and vault maps discovered:
D:1:      dpeg_arrival_simpleton_b, layout_rooms,
          hellmonk_ecumenical_altar_watching_god, wad_floor_pattern_untrapped,
          hangedman_abyss_or_decor_lesser_grid, minmay_misc_feat_x,
          corner_web_ring
D:2:      minmay_door_path, layout_basic, basic_altar, minivault_26,
          minmay_3d_cube

Skill      XL: |  1  2  3 |
---------------+----------+-----
Axes           | 3 4 |  4.6
Fighting       | |  2.0
Throwing       | |  1.0
Armour         | |  1.1
Dodging        | |  2.1
Spellcasting   | |  2.0
Translocations | |  2.4

Action                   |  1- 3 |  4- 6 || total
-------------------------+-------+-------++-------
Melee: Hand axe          |    68 |     6 ||    74
       Kick              |    18 |     2 ||    20
       Peck              |    11 |     3 ||    14
       Punch             |     1 |     1 ||     2
Throw: Boomerang         |     7 |       ||     7
  Use: Scroll            |     2 |       ||     2
       Potion            |     2 |       ||     2
Armor: Leather armour    |    13 |       ||    13
       Ring mail         |     2 |     3 ||     5
Dodge: Dodged            |    33 |     3 ||    36

Table legend:
 A = Non-vault XP
 B = Vault XP
 C = Vault XP percentage of total XP
 D = Non-vault monster count
 E = Vault monster count
 F = Vault count percentage of total count
                 A         B        C        D         E       F
            +---------+---------+-------+---------+---------+-------
      Total |      80 |       4 |   4.8 |      39 |       2 |   4.9
            +---------+---------+-------+---------+---------+-------
        D:1 |      30 |       0 |   0.0 |      19 |       0 |   0.0
        D:2 |      50 |       4 |   7.4 |      20 |       2 |   9.1
            +---------+---------+-------+---------+---------+-------
